 Dungeon Crawl Stone Soup version 0.15.2 (webtiles) character file.

1999 Amnesiac the Martial Artist (level 9, -6/69 HPs)
             Began as a Mummy Monk on June 26, 2018.
             Mangled by a killer bee (7 damage)
             ... on Level 6 of the Dungeon.
             The game lasted 00:20:01 (12219 turns).

Amnesiac the Martial Artist (Mummy Monk)           Turns: 12219, Time: 00:20:01

HP  -6/69        AC  4     Str 15      XL: 9   Next:  2%
MP   9/9         EV 15     Int  9      God:
Gold 196         SH  0     Dex 16      Spells:  0 memorised,  8 levels left

rFire  . . .     SeeInvis .       - Unarmed
rCold  + . .     Clarity  .     (no armour)
rNeg   + + +     rCorr    .     (no shield)
rPois  +         rRot     +     c - +2 helmet (curse)
rElec  .         Spirit   .     b - +0 cloak (curse)
SustAb .         Warding  .     (no gloves)
rMut   .         Stasis   .     (no boots)
Gourm  .                        (no amulet)
MR     +....                    (no ring)
                                f - cursed ring of protection from fire

@: somewhat resistant to hostile enchantments, unstealthy
A: no food or potions, fire vulnerability, restore body, cold resistance 1,
negative energy resistance 3, poison resistance, torment resistance, unbreathing
a: no special abilities


You were on level 6 of the Dungeon.
You were not hungry.

You visited 1 branch of the dungeon, and saw 7 of its levels.
You also visited: Ossuary.

You collected 331 gold pieces.
You spent 135 gold pieces at shops.

Inventory:

Armour
 b - a cursed +0 cloak (worn)
 c - a cursed +2 helmet (worn)
Scrolls
 a - 2 scrolls of immolation
 e - 2 scrolls of magic mapping
 g - 4 scrolls of remove curse
 h - a scroll of identify
Jewellery
 f - a cursed ring of protection from fire (left hand)


   Skills:
 + Level 6.1 Fighting
 - Level 4.6 Dodging
 - Level 1.5 Stealth
 * Level 8.6 Unarmed Combat


You had 8 spell levels left.
You didn't know any spells.

Dungeon Overview and Level Annotations

Branches:
Dungeon (7/15)
 Temple: D:4-7

Altars:
Kikubaaqudgha
Yredelemnul

Shops:
D:6 [

Annotations:
D:2 exclusion: 2 doors
D:6 exclusion: killer bee


Innate Abilities, Weirdness & Mutations

You do not eat or drink.
Your flesh is vulnerable to fire.
Your flesh is cold resistant.
You are immune to negative energy.
Your system is resistant to poisons.
You are immune to unholy pain and torment.
You can survive without breathing.


Message History

The killer bee stings you.
* * * LOW HITPOINT WARNING * * *
You punch the killer bee!
The killer bee is severely wounded.
The killer bee barely misses you. The killer bee closely misses you.
The killer bee closely misses you. x2
You miss the killer bee.
The killer bee is severely wounded.
The killer bee stings you.
* * * LOW HITPOINT WARNING * * *
The killer bee misses you. The killer bee stings you.
* * * LOW HITPOINT WARNING * * *
You hit the killer bee.
The killer bee is almost dead.
The killer bee misses you. x2
The killer bee closely misses you. The killer bee barely misses you.
You miss the killer bee.
The killer bee is almost dead.
The killer bee stings you!
You die...

####### #.....# #..P..#
#.....# #.....# . #...yP# #.#
#@#.# #>######y#.#
#.#........####
##......##P.......
#.....#≈≈≈....###
#.....≈≈≈≈≈##.#####....
#.......∩≈≈##....y.....
########.....≈≈≈≈≈##.%####y...
..............≈≈≈....#?##


You could see an active ballistomycete and 2 killer bees.

Vanquished Creatures
  A hippogriff (D:7)
  Menkaure (Ossuary)
  2 ice beasts
  A phantom (D:7)
  3 centaurs
  2 ogres
  A killer bee (D:6)
  A hound (D:5)
  2 iguanas
  A giant frog skeleton (D:5)
  5 orc priests
  2 centaur skeletons
  3 orc wizards
  8 worker ants
  2 mummies (Ossuary)
  2 gnolls (D:4)
  16 adders
  A green rat (D:5)
  2 shadow imps
  4 giant mites
  3 worms
  An iguana zombie (D:6)
  3 giant geckos
  35 orcs
  A bat skeleton (D:5)
  5 giant cockroaches
  22 goblins
  18 hobgoblins
  25 kobolds
  An ooze (D:2)
  4 ball pythons
  13 bats
  4 giant newts
  A giant spore (D:6)
  2 gnoll skeletons (Ossuary)
  5 gnoll zombies (Ossuary)
  2 goblin skeletons (Ossuary)
  2 goblin zombies (Ossuary)
  4 hobgoblin skeletons
  A hobgoblin zombie (Ossuary)
  4 jackals (D:3)
  2 kobold skeletons (Ossuary)
  2 kobold zombies (Ossuary)
  An orc skeleton (Ossuary)
  An orc zombie (Ossuary)
  3 quokkas
  18 rats
  A rat skeleton (Ossuary)
  2 rat zombies (Ossuary)
  14 ballistomycetes
260 creatures vanquished.

Vanquished Creatures (others)
  A mummy (Ossuary)
  3 giant spores
  A gnoll skeleton (Ossuary)
  3 gnoll zombies (Ossuary)
  2 goblin skeletons (Ossuary)
  2 goblin zombies (Ossuary)
  4 hobgoblin skeletons (Ossuary)
  3 kobold skeletons (Ossuary)
  A kobold zombie (Ossuary)
  2 orc skeletons (Ossuary)
  2 orc zombies (Ossuary)
  3 rat skeletons (Ossuary)
  4 rat zombies (Ossuary)
31 creatures vanquished.

Grand Total: 291 creatures vanquished

Notes
Turn   | Place    | Note
--------------------------------------------------------------
     0 | D:1      | Amnesiac, the Mummy Monk, began the quest for the Orb.
     0 | D:1      | Reached XP level 1. HP: 18/18 MP: 1/1
   490 | D:1      | Reached XP level 2. HP: 18/24 MP: 2/2
  1088 | D:2      | Found an ancient bone altar of Kikubaaqudgha.
  1813 | D:2      | Reached skill level 4 in Unarmed Combat
  1849 | D:2      | Reached XP level 3. HP: 13/29 MP: 3/3
  2273 | D:2      | Reached XP level 4. HP: 25/35 MP: 4/4
  2438 | D:2      | Found a basalt altar of Yredelemnul.
  3323 | D:3      | Reached XP level 5. HP: 22/42 MP: 5/5
  3732 | D:3      | Reached skill level 5 in Unarmed Combat
  4145 | D:4      | Noticed an ogre
  4759 | D:4      | Reached XP level 6. HP: 32/48 MP: 6/6
  5156 | D:5      | Entered Level 5 of the Dungeon
  5393 | D:5      | Found a sand-covered staircase.
  5514 | Ossuary  | Entered an ossuary
  6293 | Ossuary  | Noticed Menkaure
  6624 | Ossuary  | HP: 1/49 [Menkaure (16)]
  6629 | Ossuary  | Killed Menkaure
  6629 | Ossuary  | Reached XP level 7. HP: 1/55 MP: 7/7
  7490 | D:4      | Killed an ogre
  7894 | D:4      | Reached skill level 6 in Unarmed Combat
  9517 | D:5      | Reached XP level 8. HP: 61/61 MP: 8/8
  9598 | D:6      | Found Tithreowu's Antique Armour Emporium.
  9609 | D:6      | Bought a cloak for 135 gold pieces
  9968 | D:7      | Reached skill level 5 in Fighting
 10126 | D:7      | Reached skill level 7 in Unarmed Combat
 11033 | D:7      | HP: 2/63 [worker ant (5)]
 11036 | D:7      | Reached skill level 8 in Unarmed Combat
 12212 | D:6      | Reached XP level 9. HP: 29/69 MP: 9/9
 12217 | D:6      | HP: 1/69 [killer bee (3)]
 12219 | D:6      | Mangled by a killer bee

Action                   |  1- 3 |  4- 6 |  7- 9 || total
-------------------------+-------+-------+-------++-------
Melee: Unarmed           |   160 |   485 |   512 ||  1157
  Use: Scroll            |       |    11 |     4 ||    15
 Stab: Sleeping          |     2 |     3 |     4 ||     9
       Distracted        |     1 |     1 |       ||     2
